[Event "*** SCC Grand Prix: Titled Tuesday Blitz"]
[Site "Chess.com"]
[Date "2020.08.11"]
[Round "5"]
[White "Gulkov_Igor"]
[Black "AliKa2810"]
[Result "1/2-1/2"]
[WhiteElo "2427"]
[BlackElo "2597"]
[TimeControl "180+1"]
[EndTime "10:56:38 PDT"]
[Termination "Game drawn by agreement"]

1. Nf3 d5 2. d4 Nf6 3. c4 e6 4. Nc3 Bb4 5. Bg5 h6 6. Bxf6 Qxf6 7. e3 O-O 8. Rc1 dxc4 9. Bxc4 c5 10. O-O cxd4 11.
Qxd4 Qe7 12. Ne4 Rd8 13. Qe5 Nd7 14. Qh5 Nf6 15. Nxf6+ Qxf6 16. Nd4 Bd7 17. Rfd1 Ba4 18. Bb3 Be8 19. a3 Bf8 20. Qf3 Qxf3 21. Nxf3 Rxd1+ 22. Rxd1 Rc8 23. Nd4 Be7 24. f4 Kf8 25. Kf2 Bf6 26.
g3 Ke7 27. Ke2 Bd7 28. Rd2 Rc7 29. Rc2 Rxc2+ 30. Bxc2 Kd6 31. Be4 b6 32. Kd3 a5 33.
Bb7 Kc5 34. Ba6 b5 35. Bb7 b4 36. Ba6 Kb6 37. Bc4 bxa3 38. bxa3 Be7 39. Nc2 Ba4 40. Kc3 Bc5 41. h4 Bxc2 42. Kxc2 Bxe3 43. f5 exf5 44.
Bxf7 Bf2 45. h5 Bxg3 46. a4 Kc5 47. Kd3 Be5 48. Ke3 Kb4 49. Be8 f4+ 50. Kf3 Bd6 51.
Bd7 Ka3 52. Be8 Kb3 53. Bd7 Kb4 54. Be8 Bb8 55. Bd7 Be5 56. Be8 g5 57. hxg6 h5 58.
Bd7 h4 59. g7 Bxg7 60. Kxf4 Bf6 61. Kg4 Bd8 62. Kh3 Ka3 1/2-1/2

[Event "*** SCC Grand Prix: Titled Tuesday Blitz"]
[Site "Chess.com"]
[Date "2020.08.11"]
[Round "5"]
[White "MF1966Idrisov"]
[Black "Alomaterapia"]
[Result "1/2-1/2"]
[WhiteElo "2384"]
[BlackElo "2521"]
[TimeControl "180+1"]
[EndTime "10:56:38 PDT"]
[Termination "Game drawn by repetition"]

1. Nf3 c5 2. b3 d6 3. d4 cxd4 4. Nxd4 e5 5. Nf3 Nf6 6. Bb2 Be7 7. g3 O-O 8. Bg2 Nc6 9. O-O Bf5 10.
c4 Re8 11. Nc3 Rc8 12. Nd5 Nxd5 13. Qxd5 Be6 14. Qd2 Bf6 15. Rfd1 e4 16. Nd4 Nxd4 17. Bxd4 e3 18. fxe3 Rc7 19. Bxa7 Bxa1 20. Rxa1 Qg5 21. Bd4 h5 22. Rf1 h4 23. Rf3 Bg4 24. gxh4 Qxh4 25. Rg3 f6 26. Bf3 Bxf3 27. exf3 Rf7 28.
Qg2 Qh7 29. Qb2 Re6 30. Kg2 Qd3 31. a4 Kf8 32. h4 Rd7 33. a5 d5 34. c5 Qb5 35. b4 Qd3 36. b5 Rde7 37. Kh2 Rxe3 38.
Bxe3 Rxe3 39. Rg2 Rxf3 40. Qd2 Qe4 41. c6 Qxh4+ 42. Kg1 bxc6 43. bxc6 Qc4 44. Rf2 Rxf2 45. Qxf2 Qxc6 46. Qa7 Qc1+ 47. Kg2 Qd2+ 48. Kg1 Qe1+ 49. Kg2 Qe4+ 50. Kg1 d4 51. a6 d3 52. Qb8+ Kf7 53. a7 d2 54. Qb3+ Kg6 55. Qg3+ Kh7 56. Qh3+ Kg8 57. Qc8+ Kh7 58. Qd7 Qe3+ 59. Kg2 d1=Q 60. Qxd1 Qxa7 61. Qh5+ Kg8 62. Qe8+ Kh7 63. Qh5+ Kg8 64.
Qe8+ Kh7 65. Qh5+ 1/2-1/2

[Event "*** SCC Grand Prix: Titled Tuesday Blitz"]
[Site "Chess.com"]
[Date "2020.08.11"]
[Round "5"]
[White "DrMamaliga"]
[Black "igorknyazev"]
[Result "1/2-1/2"]
[WhiteElo "2185"]
[BlackElo "1953"]
[TimeControl "180+1"]
[EndTime "10:56:38 PDT"]
[Termination "Game drawn - insufficient material"]

1. e4 e5 2. Nf3 Nf6 3. d4 Nxe4 4. dxe5 d5 5. Nbd2 Nc6 6. Bd3 Bg4 7. Nxe4 dxe4 8.
Bxe4 Qxd1+ 9. Kxd1 O-O-O+ 10. Ke1 Nxe5 11. Bg5 Re8 12. Kf1 f6 13. Be3 Nc4 14. Bd3 Nxe3+ 15.
fxe3 Rxe3 16. Kf2 Bc5 17. Kg3 h5 18. h3 Bxf3 19. gxf3 h4+ 20. Kg2 Rh5 21. Rad1 Rg5+ 22. Kf1 Rxf3+ 23. Ke1 Rg2 24. a3 Re3+ 25. Kf1 Rg5 26. b4 Bd6 27. Kf2 Rgg3 28. Be2 Rxh3 29. Rxh3 Rxh3 30. Bg4+ Kb8 31. Bxh3 g5 32. c4 b6 33. Kf3 a5 34. bxa5 bxa5 35. Rb1+ Ka7 36. Rb5 Ka6 37. a4 c6 38. Bc8+ Ka7 39. Rxa5+ Kb6 40.
Rf5 Be5 41. Bd7 Kc5 42. Ke4 Kxc4 43. Bxc6 Kc5 44. Bb5 h3 45. Kf3 h2 46. Kg2 Kb6 47. Rxe5 fxe5 48. Kxh2 e4 49. Kg3 Ka5 50. Kf2 g4 51.
Bd7 Kb4 52. Ke2 g3 53. Be8 Ka5 54. Ke3 Kb4 55. Ke2 Ka5 56. Kf1 e3 57. Bc6 Kb4 58. Ke1 g2 59. Bxg2 Kxa4 60. Ke2 Kb4 61. Kxe3 1/2-1/2

[Event "*** SCC Grand Prix: Titled Tuesday Blitz"]
[Site "Chess.com"]
[Date "2020.08.11"]
[Round "5"]
[White "Shubinkirill2003"]
[Black "RaunakSadhwani2005"]
[Result "1-0"]
[WhiteElo "2663"]
[BlackElo "2938"]
[TimeControl "180+1"]
[EndTime "10:56:39 PDT"]
[Termination "Shubinkirill2003 won by resignation"]

1. e4 c6 2. d4 d5 3. exd5 cxd5 4. Bd3 Nf6 5. c3 Bg4 6. Qc2 Nc6 7. h3 Bh5 8. Bf4 e6 9. Nd2 Bd6 10. Bxd6 Qxd6 11.
Ngf3 O-O 12. O-O Rfc8 13. a3 Rab8 14. Rfe1 b5 15. b4 a5 16. Qb2 Bxf3 17. Nxf3 Qc7 18.
Re3 Ne7 19. Rae1 Ng6 20. Ne5 Ne8 21. h4 Nd6 22. h5 Nf4 23. Qb1 Nxd3 24. Qxd3 h6 25.
Rf3 axb4 26. axb4 Ra8 27. g4 Ra3 28. Ree3 f6 29. Ng6 Ne4 30. Qxb5 Ra1+ 31. Kg2 Rc1 32. Nf4 Qd6 33. Qb7 Rb8 34. Qa7 Rc8 35. Qb7 Rb8 36. Qa7 Rc2 37. Nxe6 Qxe6 38. Qxb8+ Kh7 39.
Qf4 Qc6 40. Qf5+ Kg8 41. Rf4 Rc1 42. Rfxe4 dxe4 43. Qxe4 Qd7 44. Qe6+ Qxe6 45. Rxe6 Kf7 46. Re3 Rb1 47. Kf3 Rb2 48. Kg3 g6 49. hxg6+ Kxg6 50. f3 f5 51. gxf5+ Kxf5 52. Re5+ Kf6 53. Rc5 Kg6 54. b5 h5 55. c4 Rb1 56. Rd5 Rb4 57. Rc5 Rb2 58. d5 Rd2 59. b6 Rd4 60. b7 h4+ 61. Kh3 1-0

[Event "*** SCC Grand Prix: Titled Tuesday Blitz"]
[Site "Chess.com"]
[Date "2020.08.11"]
[Round "5"]
[White "lucasmito"]
[Black "Kobalia"]
[Result "1-0"]
[WhiteElo "2620"]
[BlackElo "2781"]
[TimeControl "180+1"]
[EndTime "10:56:39 PDT"]
[Termination "lucasmito won on time"]

1. e4 c5 2. Nf3 e6 3. d4 cxd4 4. Nxd4 a6 5. Nc3 b5 6. Be3 Bb7 7.
f3 Nf6 8. Qd2 d5 9. exd5 Nxd5 10. Nxd5 Qxd5 11. Bd3 Bc5 12. Be4 Qd7 13. Bxb7 Qxb7 14.
Nxe6 fxe6 15. Bxc5 Nd7 16. Bd6 Nf6 17. O-O-O Kf7 18. g4 Rhd8 19. g5 Nd5 20. Be5 Kg8 21. h4 Qf7 22. f4 Rd7 23. h5 Rad8 24. g6 Qf5 25. h6 Nf6 26. gxh7+ Qxh7 27. Qh2 Rxd1+ 28.
Rxd1 Rxd1+ 29. Kxd1 Ng4 30. Qh4 Nxe5 31. fxe5 Qxh6 32.
Qd8+ Kh7 33. Qd3+ Qg6 34. Qd6 Qf5 35. b3 g5 36. c4 Qb1+ 37. Kd2 Qxa2+ 38. Kc3 Qa1+ 39.
Kb4 Qe1+ 40. Kc5 Qf2+ 41. Kb4 bxc4 42. bxc4 g4 43. Qxe6 g3 44. Qh3+ Kg6 45. Qg4+ Kf7 46. Qd7+ Kg8 47. e6 Qe1+ 48. Kc5 Qe3+ 49. Kc6 g2 50. e7 Qe4+ 51. Qd5+ Qxd5+ 52. cxd5 g1=Q 53. e8=Q+ Kg7 54. Qe7+ Kg8 55. d6 Qg2+ 56. Kd7 Qb7+ 57. Ke8 Qa8+ 58. Qd8 Qe4+ 59. Kd7+ Kf7 60. Qe7+ 1-0

[Event "*** SCC Grand Prix: Titled Tuesday Blitz"]
[Site "Chess.com"]
[Date "2020.08.11"]
[Round "5"]
[White "RusPakhom"]
[Black "GameOverBro"]
[Result "1/2-1/2"]
[WhiteElo "2294"]
[BlackElo "2444"]
[TimeControl "180+1"]
[EndTime "10:56:39 PDT"]
[Termination "Game drawn by stalemate"]

1. e4 d6 2. d4 Nf6 3. Nc3 e5 4. Bg5 Nbd7 5. f3 Be7 6. Qd2 c6 7. O-O-O a5 8. g4 h5 9. gxh5 Rxh5 10. Be3 a4 11. Nge2 Rh8 12. Bg2 Qa5 13. f4 b5 14.
dxe5 dxe5 15. Ng3 b4 16. Nce2 b3 17. Qxa5 Rxa5 18. axb3 axb3 19. cxb3 g6 20. fxe5 Nxe5 21. Bd4 Nfd7 22. Bc3 Bg5+ 23. Kc2 Ra6 24. Rxd7 Bxd7 25. Bxe5 Rh4 26. h3 f6 27. Bc3 c5 28. Rf1 Be6 29. Rf3 Rb6 30. Nc1 Ke7 31. Bd2 Bxd2 32. Kxd2 Rh8 33. Kc3 Ra8 34. Nge2 Ra1 35. Kc2 Rd6 36.
Nf4 Bf7 37. Nfd3 c4 38. bxc4 Bxc4 39. Re3 Rc6 40. Kd2 Rd6 41. e5 fxe5 42. Rxe5+ Kf6 43.
Rc5 Rxc1 44. Kxc1 Bxd3 45. Rc6 Ke5 46. Rxd6 Kxd6 47. Kd2 Ba6 48. h4 Ke5 49. Ke3 Bb5 50.
Be4 Kf6 51. Kf4 Bc4 52. Bc2 Bd5 53. b4 Bc6 54. Bd3 Bd7 55. b5 Bxb5 56. Bxb5 Kg7 57. Kg5 Kh8 58. Kf6 Kh7 59. Bc4 Kh6 60. Be2 Kh7 61. Kg5 Kh8 62. Bc4 Kh7 63. Bd3 Kg7 64. Bc4 Kh8 65. Kh6 g5 66. hxg5 1/2-1/2

[Event "*** SCC Grand Prix: Titled Tuesday Blitz"]
[Site "Chess.com"]
[Date "2020.08.11"]
[Round "5"]
[White "rugbyclub"]
[Black "MFBerna"]
[Result "0-1"]
[WhiteElo "2184"]
[BlackElo "2401"]
[TimeControl "180+1"]
[EndTime "10:56:39 PDT"]
[Termination "MFBerna won by resignation"]

1. c4 Nf6 2. Nc3 e6 3. e4 d5 4. e5 d4 5. exf6 dxc3 6. bxc3 Qxf6 7. d4 c5 8. Nf3 h6 9. d5 Bd6 10. Be2 O-O 11. O-O exd5 12. cxd5 Nd7 13. Be3 Re8 14. Qd2 b6 15. c4 Nf8 16. a4 Ng6 17. Rfe1 Bd7 18. a5 Bf4 19. Bf1 Bxe3 20. fxe3 Bg4 21. Be2 Rad8 22. h3 Bxf3 23. Bxf3 Nh4 24. Rf1 Nxf3+ 25. gxf3 Qg5+ 26. Kf2 Qh4+ 27. Ke2 Qxc4+ 28.
Qd3 Qxd3+ 29. Kxd3 Rxd5+ 30. Kc4 Rh5 31. Rfb1 Rxe3 32. axb6 axb6 33. Rxb6 Rxf3 34. Ra7 Rhxh3 35. Kxc5 g5 36. Rb8+ Kg7 37. Kd5 Rf4 38. Ke5 Re3+ 39. Kd5 h5 40. Raa8 Kg6 41. Rh8 Rd3+ 42. Kc5 h4 43.
Rag8+ Kf5 44. Rh7 Kg4 45. Rhg7 Rf5+ 46. Kc4 Rdf3 47. Rh7 h3 48. Rgh8 R3f4+ 49. Kd3 Rf3+ 50. Ke2 Re5+ 51. Kd1 f5 52. Rh6 Rd5+ 53. Ke2 Re5+ 54. Kd1 Kf4 55. Rxh3 Rxh3 56. Rxh3 g4 57. Ra3 g3 58.
Rb3 Kg4 59. Rb4+ f4 60. Rb8 g2 61. Rg8+ Kf3 62. Rg7 Kf2 63. Rg5 Rxg5 0-1

[Event "*** SCC Grand Prix: Titled Tuesday Blitz"]
[Site "Chess.com"]
[Date "2020.08.11"]
[Round "5"]
[White "zala02"]
[Black "jamalm2"]
[Result "1-0"]
[WhiteElo "2198"]
[BlackElo "1835"]
[TimeControl "180+1"]
[EndTime "10:56:40 PDT"]
[Termination "zala02 won on time"]

1. d4 Nf6 2. c4 c5 3. d5 e6 4. Nc3 exd5 5. cxd5 d6 6. Nf3 g6 7.
Bf4 a6 8. a4 Bg7 9. h3 O-O 10. e3 Re8 11. Bd3 Qc7 12. O-O Nbd7 13. Bh2 c4 14. Bc2 Nc5 15. Nd4 Bd7 16. Qe2 Nce4 17.
Bxe4 Nxe4 18. Rfd1 Nxc3 19. bxc3 b5 20. axb5 axb5 21. Rab1 Reb8 22. e4 Ra3 23. Qb2 Rba8 24. Nxb5 Bxb5 25. Qxb5 Rxc3 26. Qc6 Qa5 27. Bxd6 Rc2 28.
e5 Qa2 29. Bc5 Bf8 30. d6 c3 31. Rf1 Rb2 32. Rbc1 c2 33. d7 Bxc5 34. Qxc5 Kg7 35. Qc8 Rbb8 36. Qc7 Rd8 37. Qxc2 Qd5 38. f4 Qxd7 39.
Rfd1 Qa7+ 40. Kh2 Rdc8 41. Qd2 Rd8 42. Qb2 Rab8 43. Qe2 Rxd1 44. Rxd1 Qa4 45. Rf1 Rc8 46. e6 fxe6 47. Qxe6 Rf8 48. Qe5+ Kg8 49. f5 1-0

[Event "*** SCC Grand Prix: Titled Tuesday Blitz"]
[Site "Chess.com"]
[Date "2020.08.11"]
[Round "5"]
[White "Natalya_Buksa"]
[Black "Artur0208"]
[Result "0-1"]
[WhiteElo "2484"]
[BlackElo "2756"]
[TimeControl "180+1"]
[EndTime "10:56:43 PDT"]
[Termination "Artur0208 won by checkmate"]

1. d4 d5 2. Nc3 Nf6 3. Bf4 e6 4. e3 Bd6 5. Nf3 Bxf4 6. exf4 O-O 7. Bd3 b6 8. O-O c5 9. Ne5 Ba6 10. dxc5 bxc5 11. Bxa6 Nxa6 12. Ne2 Qc7 13. c3 Rab8 14.
Qc2 h6 15. Rfe1 Rfd8 16. Ng3 Qb6 17. f5 Qxb2 18. Qa4 Rb6 19. fxe6 Rxe6 20. Nc6 Rdd6 21. Rab1 Rxe1+ 22. Rxe1 Qxc3 23. Rd1 Nb4 24. Ne7+ Kf8 25. Ngf5 Rd7 26. Qb5 Qc2 27. Rf1 Rxe7 28. Nxe7 Kxe7 29. Qb7+ Kf8 30. Qa8+ Ke7 31. Qxa7+ Ke6 32. Qb6+ Kf5 33. Qb7 Kg6 34. a3 Nd3 35. Qc8 c4 36. h4 h5 37.
Qh3 c3 38. Qg3+ Kh7 39. Qe3 Qd2 40. Qxd2 cxd2 41. Rd1 Ne4 42. f3 Nb2 43. Rb1 Nc3 44. Rf1 d1=Q 45. Rxd1 Nbxd1 46. a4 d4 47. a5 d3 48. a6 Nb5 49. a7 Nxa7 50. Kf1 Ne3+ 51. Ke1 Nxg2+ 52. Kd2 Nxh4 53. Kxd3 Nxf3 54. Ke4 Ng5+ 55.
Kf4 Kg6 56. Kg3 Nc6 57. Kh4 f5 58. Kg3 Ne5 59. Kh4 Ne4 60. Kh3 Kg5 61. Kg2 Kg4 62.
Kh2 h4 63. Kg2 f4 64. Kh2 f3 65. Kg1 Kg3 66. Kh1 h3 67. Kg1 g5 68. Kh1 g4 69. Kg1 Nc4 70. Kh1 Nf2+ 71. Kg1 h2+ 72. Kf1 h1=R# 0-1

[Event "*** SCC Grand Prix: Titled Tuesday Blitz"]
[Site "Chess.com"]
[Date "2020.08.11"]
[Round "5"]
[White "paulrusan"]
[Black "Danfii"]
[Result "1-0"]
[WhiteElo "2214"]
[BlackElo "2347"]
[TimeControl "180+1"]
[EndTime "10:56:45 PDT"]
[Termination "paulrusan won by resignation"]

1. e4 e5 2. Nf3 Nc6 3. Bc4 Bc5 4. b4 Bxb4 5. c3 Be7 6. d4 Na5 7. Be2 exd4 8. Qxd4 d6 9. Qxg7 Bf6 10. Qg3 Be6 11.
O-O Qd7 12. Rd1 Nc6 13. Bf4 Nge7 14. e5 Rg8 15. Ng5 Nxe5 16. Ne4 Bh8 17. Qh4 N7g6 18.
Nf6+ Bxf6 19. Qxf6 Nxf4 20. Qxf4 O-O-O 21. Nd2 Bd5 22. Ne4 Qc6 23. Rd4 Bxe4 24. Rxe4 Kb8 25. c4 f5 26. Qxf5 Rdf8 27. Qxh7 Rh8 28. Rf4 Re8 29. Qe4 Qc5 30. Rb1 c6 31. Qd4 Qxd4 32.
Rxd4 Kc7 33. f4 Ng6 34. Bf3 Nh4 35. Rf1 Rhg8 36. g3 Nf5 37. Rd3 Rg7 38. Rc1 Reg8 39.
Kf2 Re7 40. c5 d5 41. a4 Rh7 42. Rh1 Re8 43. h4 Rg8 44. Rh3 Rhg7 45. Be2 d4 46.
Bf1 b6 47. cxb6+ axb6 48. Bg2 c5 49. Be4 Ne3 50. h5 Ng4+ 51. Kg2 Re7 52. Bf3 Ne3+ 53. Kf2 Nf5 54. g4 Ne3 55. g5 Rf7 56. h6 Rxf4 57. h7 Rh8 58. g6 Ng4+ 59. Kg3 Ne5 60. Kxf4 Nxg6+ 61. Kg5 Ne7 62. Kf6 Nd5+ 63. Bxd5 1-0

[Event "*** SCC Grand Prix: Titled Tuesday Blitz"]
[Site "Chess.com"]
[Date "2020.08.11"]
[Round "5"]
[White "viktorskliarov"]
[Black "VitaliyBernadskiy"]
[Result "0-1"]
[WhiteElo "2578"]
[BlackElo "2748"]
[TimeControl "180+1"]
[EndTime "10:56:48 PDT"]
[Termination "VitaliyBernadskiy won on time"]

1. e4 c6 2. d4 d5 3. e5 Bf5 4. Nf3 e6 5. Be2 Nd7 6. O-O Ne7 7. a4 Bg6 8. a5 Nf5 9. c4 Be7 10. Nc3 O-O 11. Bf4 dxc4 12. Bxc4 b5 13. Bd3 a6 14.
g4 Nh4 15. Nxh4 Bxh4 16. b4 Qe7 17. Rb1 Rad8 18. Ne4 f6 19. Nd6 Bxd3 20. Qxd3 fxe5 21.
Bxe5 Nf6 22. Qh3 Nd5 23. Rb3 Nf4 24. Bxf4 Rxf4 25. Nb7 Rdxd4 26. Kh1 Qxb7 27. Qxh4 c5+ 28. f3 Rxg4 29. Qh5 Rg6 30. Qxc5 Qd7 31. Re3 h6 32. Rfe1 Rd2 33. Qh5 Rgg2 34. Rxe6 Rxh2+ 35. Qxh2 Rxh2+ 36. Kxh2 Qd2+ 37. R1e2 Qxb4 38. Rxa6 Qc4 39. Ra8+ Kh7 40. Rae8 b4 41. R2e4 Qc7+ 42. Kh3 Qxa5 43. Rb8 Qf5+ 44. Kg2 Qg5+ 45. Kf2 Qd2+ 46. Kf1 Qd1+ 47. Kf2 b3 48. Re2 Qd4+ 49. Kf1 Qc4 50. Kf2 h5 51.
Re3 Qc2+ 52. Re2 Qc5+ 53. Re3 Qc2+ 54. Re2 Qc4 55. Re3 Qh4+ 56. Ke2 Qh2+ 57. Kd3 Qxb8 0-1

[Event "*** SCC Grand Prix: Titled Tuesday Blitz"]
[Site "Chess.com"]
[Date "2020.08.11"]
[Round "5"]
[White "onnoelgersma"]
[Black "Fighter008"]
[Result "0-1"]
[WhiteElo "2428"]
[BlackElo "2683"]
[TimeControl "180+1"]
[EndTime "10:56:48 PDT"]
[Termination "Fighter008 won by resignation"]

1. e4 c5 2. Nf3 e6 3. b3 b6 4. Bb2 Bb7 5. Qe2 d6 6. g3 Nf6 7.
d3 Be7 8. Bg2 O-O 9. O-O Nbd7 10. Nbd2 Qc7 11. a4 a6 12. e5 dxe5 13. Nxe5 Bxg2 14.
Kxg2 Nd5 15. Nxd7 Qxd7 16. Ne4 f5 17. Nd2 Bf6 18. Bxf6 Rxf6 19. f4 Nb4 20. Nf3 Re8 21. Rae1 Nc6 22. Qe3 Qd5 23. Kg1 Rf7 24. Rf2 Nd4 25.
Nxd4 cxd4 26. Qe5 Qxe5 27. Rxe5 Rc7 28. Rfe2 Kf7 29. Kf2 Rc6 30. Ke1 Rec8 31. Kd1 Rd6 32. Kc1 Kf6 33. Kb2 h6 34. a5 b5 35. Ka3 g5 36. Kb4 Rdc6 37. h4 g4 38. Ka3 Rd8 39.
Kb4 Rdc8 40. Ka3 Kf7 41. Kb4 Rxc2 42. Rxe6 Rxe2 43. Rxe2 Rc3 44. Rd2 Ke6 45. Ka3 Kd6 46. Kb4 Rc1 47. Re2 Rd1 48. Re5 Rxd3 49. Rxf5 Rxg3 50.
Rf6+ Kd5 51. Rxh6 d3 52. Rh8 Kd4 53. f5 Rf3 54. Rd8+ Ke3 55. Re8+ Kf2 56. Kc3 g3 57.
f6 g2 58. f7 Rxf7 59. Kxd3 g1=Q 60. Re2+ Kf3 0-1

[Event "*** SCC Grand Prix: Titled Tuesday Blitz"]
[Site "Chess.com"]
[Date "2020.08.11"]
[Round "5"]
[White "Bulldog167"]
[Black "AldokhinIvan"]
[Result "1-0"]
[WhiteElo "2723"]
[BlackElo "2533"]
[TimeControl "180+1"]
[EndTime "10:56:49 PDT"]
[Termination "Bulldog167 won by resignation"]

1. d4 Nf6 2. c4 g6 3. Nc3 Bg7 4. e4 d6 5. h3 O-O 6. Be3 Nc6 7. d5 Nb4 8. Nf3 Re8 9. a3 Na6 10.
Bd3 e6 11. O-O exd5 12. cxd5 Nc5 13. Bxc5 dxc5 14. Bb5 Nd7 15. Re1 a6 16. Bxd7 Bxd7 17. e5 b5 18. Qd2 Bf5 19. Rad1 Qd7 20. Qf4 h6 21. Re2 g5 22. Qg3 Rad8 23. Ne4 Qe7 24. Ree1 Kh8 25. d6 Qe6 26. Nfxg5 hxg5 27. Nxg5 Qg6 28.
dxc7 Rxd1 29. Rxd1 Bxe5 30. Qh4+ Kg7 31. Rd8 Qc6 32. Qh5 Bg6 33. c8=Q Qxc8 34. Rxc8 Bxh5 35. Rxe8 Bxb2 36. Rc8 c4 37. f4 Bg6 38. g4 Bd3 39.
Rc7 c3 40. Ne6+ Kf6 41. Nd4 Be4 42. Kf2 a5 43. Ke3 Bd5 44. Nxb5 Bc1+ 45. Kd4 Bg2 46. Rxc3 Bxf4 47. Kd3 Be5 48. Rb3 Bf1+ 49. Ke4 Bg2+ 50. Ke3 Bf1 51. Nd4 Kg5 52. Nf3+ Kf6 53. Nxe5 Kxe5 54.
Rb7 f6 55. h4 Bc4 56. g5 f5 57.
Re7+ Kd6 58. Ra7 Ke5 59. Rxa5+ Ke6 60. Kf4 Bd3 61. Re5+ 1-0

[Event "*** SCC Grand Prix: Titled Tuesday Blitz"]
[Site "Chess.com"]
[Date "2020.08.11"]
[Round "5"]
[White "Gareth-Bale11"]
[Black "gmmoranda"]
[Result "1-0"]
[WhiteElo "2808"]
[BlackElo "2901"]
[TimeControl "180+1"]
[EndTime "10:56:50 PDT"]
[Termination "Gareth-Bale11 won by resignation"]

1. d4 d6 2. e4 Nf6 3. Nc3 e5 4.
Nf3 Nbd7 5. Bc4 Be7 6. O-O O-O 7. Re1 c6 8. a4 a5 9. h3 h6 10. Be3 Re8 11. Qd2 exd4 12. Bxd4 Nf8 13. Rad1 Be6 14.
Qd3 N6d7 15. Nd5 cxd5 16. exd5 Bxh3 17. gxh3 Ng6 18. Bb5 Rf8 19. Qf5 Nf6 20. Re3 Qc7 21.
Rde1 Bd8 22. c4 Ne7 23. Qd3 Nc6 24. dxc6 bxc6 25. Nh4 cxb5 26. axb5 Nh7 27. Nf5 Bf6 28. Rg3 Kh8 29. Nxg7 Rg8 30. Nh5 Rxg3+ 31. fxg3 Be5 32. Qe4 Re8 33. Kg2 Ng5 34. Qc6 Qd8 35. Bb6 Qe7 36.
Nf4 Rg8 37. Bd4 Ne6 38. Bxe5+ dxe5 39. Nxe6 fxe6 40. Qe4 Rg5 41. b6 Qg7 42. Qf3 e4 43.
Rxe4 Qxb2+ 44. Re2 Qxb6 45. Qf8+ Kh7 46. Rf2 Qc6+ 47.
Kh2 Rg7 48. Qf4 Rd7 49. Qe5 Rg7 50. Qe3 Qxc4 51. Rf6 Qc2+ 52. Rf2 Qd1 53. Qe4+ Kh8 54. Rf8+ Rg8 55. Qe5+ Kh7 56. Rf7+ Kg6 57. Qf6+ Kh5 58.
g4+ Rxg4 59. hxg4+ Qxg4 60. Qf3 e5 61. Qxg4+ Kxg4 62. Ra7 Kf3 63. Kg1 e4 64. Kf1 e3 65. Rxa5 Kg3 66.
Ke2 1-0

[Event "*** SCC Grand Prix: Titled Tuesday Blitz"]
[Site "Chess.com"]
[Date "2020.08.11"]
[Round "5"]
[White "Dvacetsekund"]
[Black "maxip32"]
[Result "0-1"]
[WhiteElo "2138"]
[BlackElo "2472"]
[TimeControl "180+1"]
[EndTime "10:56:50 PDT"]
[Termination "maxip32 won by resignation"]

1. e4 c5 2. Nf3 d6 3. d4 cxd4 4. Nxd4 Nf6 5. Nc3 a6 6. Rg1 e5 7. Nb3 h5 8. f3 Be6 9. Be3 Nbd7 10. Qd2 Be7 11. O-O-O b5 12. Be2 Rc8 13. Kb1 Nb6 14. Bxb6 Qxb6 15. Nd5 Bxd5 16. exd5 b4 17. f4 Nd7 18.
fxe5 Nxe5 19. Rgf1 g6 20. Nd4 Rc5 21. Nc6 Nxc6 22.
dxc6 Rxc6 23. Bf3 Rc5 24. Bd5 Rf8 25. Qe2 a5 26. Rde1 Qc7 27. Bb3 Kd8 28. Rxf7 Rxf7 29. Bxf7 Re5 30. Qd2 Bf6 31. Bxg6 Rxe1+ 32. Qxe1 Qg7 33.
Qe8+ Kc7 34. Qf7+ Qxf7 35. Bxf7 h4 36. Be6 Be5 37. h3 Kc6 38. Kc1 Kc5 39. Kd2 Bg3 40.
Kd3 Be5 41. Bg4 Bxb2 42. Bf3 Be5 43. Be4 Bg3 44. Bf3 Kb5 45. Bd5 Ka4 46. Bb3+ Ka3 47. Bd5 Kb2 48. Bb3 Ka3 49. Bd5 a4 50. Bc4 Kb2 51. Bd5 b3 52. axb3 a3 53. b4 a2 54.
Bxa2 Kxa2 55. c4 Ka3 56. c5 dxc5 57. bxc5 Kb4 58. c6 Kb5 59. Ke3 Kxc6 60. Ke2 Kd5 61. Kf1 Ke4 62. Kg1 Ke3 63. Kh1 Ke2 64. Kg1 Ke1 65. Kh1 Bf4 66. Kg1 Ke2 67. Kh1 Kf1 68. g4 hxg3 0-1

[Event "*** SCC Grand Prix: Titled Tuesday Blitz"]
[Site "Chess.com"]
[Date "2020.08.11"]
[Round "5"]
[White "ChronicUnhappiness"]
[Black "MVM2008"]
[Result "1-0"]
[WhiteElo "2355"]
[BlackElo "2196"]
[TimeControl "180+1"]
[EndTime "10:56:51 PDT"]
[Termination "ChronicUnhappiness won on time"]

1. d4 Nf6 2. c4 g6 3. Nc3 Bg7 4.
e4 d6 5. Nf3 O-O 6. Be2 e5 7.
O-O Nc6 8. Be3 Ng4 9. Bg5 f6 10. Bc1 Nh6 11. h3 Nf7 12. Be3 g5 13. d5 Ne7 14. Nd2 Ng6 15. Bg4 Nf4 16. Ne2 Bxg4 17. hxg4 Qd7 18. Ng3 Nh6 19. Nf5 Nxf5 20. gxf5 b6 21.
Nb3 h5 22. Bxf4 gxf4 23. Qxh5 Rf7 24. Rac1 Kf8 25. Rc3 Ke7 26. Rh3 Rh8 27. Qf3 Rxh3 28. Qxh3 Qe8 29. Rc1 Qg8 30. Rc3 Bf8 31. Qf3 Rh7 32.
Kf1 Rh1+ 33. Ke2 Qg5 34. Rc1 Rxc1 35. Nxc1 Qh4 36. Qh3 Qxh3 37. gxh3 Bh6 38. Kf3 Bg5 39. Nd3 Kf7 40. Kg4 Bh6 41. Kh5 Bf8 42. b4 Be7 43. Kg4 Bf8 44. Kf3 Be7 45. Ke2 Bf8 46. Ne1 Kg7 47. Kd3 Kh6 48. Nf3 Kh5 49. Kc3 Be7 50. Kb3 Kh6 51. Ka4 Kg7 52. Kb5 Kf8 53. Kc6 Bd8 54. Kb7 a5 55. bxa5 bxa5 56. a4 Ke7 57. Ka6 Kd7 58. Kxa5 c5+ 59. Kb5 Kc7 60. a5 Kb7 61. h4 Be7 62. h5 Bf8 63. Nh4 Bh6 64.
Ng6 f3 65. Nh4 Be3 66. Nxf3 Bxf2 67. h6 Be3 68. h7 1-0

[Event "*** SCC Grand Prix: Titled Tuesday Blitz"]
[Site "Chess.com"]
[Date "2020.08.11"]
[Round "5"]
[White "Sekar24"]
[Black "Xeniya2005"]
[Result "1-0"]
[WhiteElo "2518"]
[BlackElo "2357"]
[TimeControl "180+1"]
[EndTime "10:56:55 PDT"]
[Termination "Sekar24 won by resignation"]

1. e4 e6 2. d4 d5 3. Nd2 c5 4.
exd5 Qxd5 5. dxc5 Bxc5 6. Ngf3 Nf6 7. Bd3 Nc6 8. O-O O-O 9. Qe2 h6 10. Ne4 Nxe4 11. Bxe4 Qh5 12. c3 Bb6 13. Be3 Bxe3 14.
Qxe3 Bd7 15. Rad1 Rfd8 16. h3 e5 17. Rd2 Bf5 18. Rxd8+ Rxd8 19. Bxc6 bxc6 20. Qxe5 Rd5 21. Qe8+ Kh7 22. Qe3 Bxh3 23. gxh3 Qxh3 24. Qe4+ g6 25. Nh2 Rg5+ 26. Kh1 Rf5 27. Qg2 Qd3 28. f4 Qe3 29.
Qf3 Qb6 30. Qf2 Qb5 31. Qd2 Qc4 32. Rf2 Qe4+ 33. Kg1 Rd5 34. Qe2 Qf5 35. Rg2 Rd6 36.
Qc2 Qd5 37. Rf2 f5 38. Nf3 Qc5 39. Kg2 Re6 40. Re2 Rf6 41. Rd2 Rf7 42. Qd3 Rg7 43.
Qd4 Qb5 44. Qd3 a5 45. Qxb5 cxb5 46. Rd5 Rb7 47. Ne5 g5 48. fxg5 hxg5 49. Nc6 Kg6 50. Nxa5 Ra7 51. b4 g4 52. Rxb5 Kg5 53. Rd5 Re7 54.
b5 Re2+ 55. Kf1 Rxa2 56. b6 g3 57. b7 Rb2 58. c4 Kf4 59. Rb5 Rc2 60. b8=Q+ Kg4 61.
Qg8+ Kf3 62. Rb3+ 1-0

[Event "*** SCC Grand Prix: Titled Tuesday Blitz"]
[Site "Chess.com"]
[Date "2020.08.11"]
[Round "5"]
[White "alexrustemov"]
[Black "Kislov_Oleg"]
[Result "1/2-1/2"]
[WhiteElo "2635"]
[BlackElo "2386"]
[TimeControl "180+1"]
[EndTime "10:56:57 PDT"]
[Termination "Game drawn - insufficient material"]

1. d4 Nf6 2. c4 e6 3. Nf3 d5 4. Nc3 Bb4 5. Qa4+ Nc6 6. Bg5 h6 7. Bxf6 Qxf6 8. e3 Bd7 9. Qc2 O-O 10. Be2 dxc4 11. Bxc4 e5 12. O-O exd4 13. Nd5 Qd6 14. exd4 Ba5 15. h3 Rad8 16. Rad1 Be6 17. Ne3 Bxc4 18. Nxc4 Qd5 19. a3 Bb6 20. Nxb6 axb6 21. Rfe1 Rfe8 22. Re3 g6 23. Rde1 Rxe3 24. fxe3 f5 25.
Qf2 Re8 26. Qg3 Qd6 27. Qxd6 cxd6 28. Kf2 Ne7 29. e4 fxe4 30. Rxe4 Kf7 31. Re3 Rc8 32. Ne1 Nd5 33. Rb3 Rc1 34. g3 Ke6 35. Nd3 Rc2+ 36.
Kf3 Rd2 37. h4 g5 38. hxg5 hxg5 39. Kg4 Kf6 40. Kf3 Kf5 41. g4+ Ke6 42. Ke4 Nf6+ 43.
Ke3 Rg2 44. Kf3 Rxg4 45. Rxb6 Rxd4 46. Nc5+ Kf5 47. Nxb7 Rd3+ 48. Ke2 Rh3 49. Nxd6+ Ke5 50. Nf7+ Kf5 51. Rb5+ Kg6 52. Nxg5 Rh5 53. Kd3 Rxg5 54. Rxg5+ Kxg5 55. Kd4 Kf5 56. Kc5 Ke6 57. Kc6 Nd5 58. a4 Ne7+ 59. Kc7 Nd5+ 60. Kc6 Ne7+ 61. Kb7 Kd5 62.
a5 Kc5 63. a6 Nc6 64. Kc7 Kb5 65. Kb7 Na5+ 66. Kc7 Kxa6 67. b4 Nb3 68. b5+ Kxb5 1/2-1/2